 Dungeon Sprint DCSS version 0.28-a0-938-gbc3f381ebc (webtiles) character file.

Game seed: 17255360943440142595

2600000 emperorscorpion the Archmage (level 20, -22/181 HPs)
             Began as a Djinni Hedge Wizard on Nov 28, 2021.
             Was the Champion of Makhleb.
             Annihilated by a large bag of meat (111 damage)
             ... in the Dungeon (Sprint VIII: "Arena of Blood").
             The game lasted 00:02:03 (26 turns).

emperorscorpion the Archmage (Djinni Hedge Wizard)    Turns: 26, Time: 00:02:04

Health: -22/181    AC:  2    Str:  9    XL:     20   Next: 81%
Gold:   0          EV: 32    Int: 18    God:    Makhleb [******] SH:  0 Dex: 20

rFire   + + .      SeeInvis .   i - +∞ Axe of Woe
rCold   x . .      Faith    .   (shield currently unavailable)
rNeg    . . .      Spirit   .   b - +0 robe
rPois   ∞          Reflect  .   c - +0 hat
rElec   .          Harm     .   (no cloak)
rCorr   .          Rampage  .   (no gloves)
Will    ++...      NoTele   +   (boots unavailable)
Stlth   ++++++++++              (no amulet)
HPRegen 0.40/turn               (no ring)
MPRegen 0.00/turn               (no ring)

@: flying
A: sickness immunity, fire resistance 2, cold vulnerability 1, float, innate
caster, hp casting, extra vitality 1
a: Renounce Religion, Minor Destruction, Lesser Servant of Makhleb, Major
Destruction, Greater Servant of Makhleb


You were in the Dungeon.
You worshipped Makhleb.
Makhleb was exalted by your worship.
You visited 1 branch

Inventory:

Hand Weapons
 a - a +0 dagger
 i - the +∞ Axe of Woe (weapon)
   (You found it in the Dungeon)
Armour
 b - a +0 robe (worn)
 c - a +0 hat (worn)
Scrolls
 h - a scroll of blinking
Potions
 d - a potion of curing
 e - a potion of heal wounds
 f - a potion of haste
 g - a potion of berserk rage


   Skills:
 O Level 27 Fighting
 O Level 27 Axes
 O Level 27 Dodging
 O Level 27 Stealth
 O Level 27 Spellcasting


You had 21 spell levels left.
You knew the following spells:

 Your Spells              Type           Power      Damage    Failure   Level
a - Magic Dart            Conj           100%       1d8       0%          1
b - Blink                 Tloc           100%       N/A       0%          2
c - Call Imp              Summ           88%        N/A       0%          2
d - Slow                  Hex            100%       N/A       0%          1
e - Conjure Flame         Conj/Fire      88%        6-21      0%          3
f - Mephitic Cloud        Conj/Pois/Air  88%        N/A       0%          3
g - Apportation           Tloc           100%       N/A       0%          1
h - Searing Ray           Conj           100%       2d8       0%          2
i - Call Canine Familiar  Summ           88%        N/A       0%          3
j - Leda's Liquefaction   Hex/Erth       44%        N/A       0%          4
k - Lightning Bolt        Conj/Air       44%        1d63      0%          5
l - Lee's Rapid Deconstr  Erth           44%        3d22*     0%          5
m - Summon Cactus Giant   Summ           44%        N/A       0%          6
n - Orb of Destruction    Conj           44%        9d14      1%          7
o - Malign Gateway        Summ/Tloc      44%        N/A       1%          7
Your spell library was empty.

Dungeon Overview and Level Annotations

Branches:
Dungeon (1/1)

Altars:
Makhleb


Innate Abilities, Weirdness & Mutations

You are immune to sickness and miasma.
You are immune to poison.
Your flesh is very heat resistant. (rF++)
You are vulnerable to cold. (rC-)
You float through the air rather than walking.
You learn spells naturally, not from books.
Your magical power is your life essence.
You have superior vitality. (+4 HP)


Message History

A meat berserker comes into view. It is wielding a +9 battleaxe.
You hear a shout! x3
A bag of meat comes into view. It is wielding a +9 war axe.
You hear a shout! x2
Your Fighting skill gained 6 levels and is now at level 24!
Your Stealth skill gained 3 levels and is now at level 24!
You hit the meat berserker.
You hew the meat berserker savagely.
You kill the meat berserker!
Makhleb accepts your kill.
You slice the bag of meat!!
You slaughter the bag of meat joyfully.
You kill the bag of meat!
Makhleb accepts your kill.
You hit the bag of meat.
You hew the bag of meat savagely.
You kill the bag of meat!
Makhleb accepts your kill.
You slash the bag of meat!
You fatally mangle the bag of meat.
You kill the bag of meat!
Makhleb accepts your kill.
You hit the large bag of meat but do no damage.
You pulverise the large bag of meat into a thin bloody mist.
Makhleb accepts your kill.
The large bag of meat explodes!
The fiery explosion engulfs you! You resist.
The fiery explosion engulfs the bag of meat!!
You are engulfed in blazing flames.
You resist.
You hear two shouts!
You hear a shout! x3
A large bag of meat comes into view. It is wielding a +9 giant spiked club.
You hear a shout! x2
You have mastered Fighting!
You have mastered Stealth!
You have reached level 20!
You feel clever.
Unknown command.
A bag of meat comes into view. It is wielding a +9 war axe.
You are engulfed in blazing flames.
You resist.
You hear a shout! x3
The bag of meat is engulfed in blazing flames.
The bag of meat hits you with a +9 war axe!!
The bag of meat hits you with a +9 war axe!!!
The large bag of meat hits you with a +9 giant spiked club!!!!
Ouch! That really hurt!
You die...

#.......#.))..#....
..#.......)_)......
...§§.....###..o...
..§w§###....O..###.
...§§..#.......#
.o.....#..O....#
.o....)§)§.......
.#..O.o§)........
#...o.o§@o.......
.#...O.oO.......#
#o..o.#..oO....#
.......o...o...#
.....##.#.......
..... ..........
.#### ..O#.....#
... ......


You could see 2 large bags of meat, 4 meat berserkers, 13 bags of meat and a
friendly eldritch tentacle.

Vanquished Creatures
  12 ogres (D)
  A two-headed ogre (D)
  15 orcs (D)
28 creatures vanquished.

Notes
Turn   | Place    | Note
-------+----------+-------------------------------------------
     0 | D        | Found the +∞ Axe of Woe
     0 | D        | emperorscorpion the Djinni Hedge Wizard began the quest for
                  | the Orb.
     0 | D        | Reached XP level 1. HP: 15/15 MP: 0/0
     0 | D        | Noticed a meat berserker
     2 | D        | Noticed a bag of meat
     2 | D        | Noticed a bag of meat
     3 | D        | Killed a meat berserker
     3 | D        | Noticed a bag of meat
     3 | D        | Noticed a bag of meat
     3 | D        | Noticed a bag of meat
     4 | D        | Reached XP level 2. HP: 24/24 MP: 0/0
     4 | D        | Reached XP level 3. HP: 29/29 MP: 0/0
     4 | D        | Learned a level 1 spell: Apportation
     4 | D        | Reached XP level 4. HP: 34/34 MP: 0/0
     4 | D        | Reached XP level 5. HP: 39/39 MP: 0/0
     4 | D        | Learned a level 2 spell: Searing Ray
     4 | D        | Reached XP level 6. HP: 45/45 MP: 0/0
     4 | D        | Reached XP level 7. HP: 49/49 MP: 0/0
     4 | D        | Learned a level 3 spell: Call Canine Familiar
     4 | D        | Reached XP level 8. HP: 55/55 MP: 0/0
     4 | D        | Reached XP level 9. HP: 59/59 MP: 0/0
     4 | D        | Learned a level 4 spell: Leda's Liquefaction
     4 | D        | Reached XP level 10. HP: 65/65 MP: 0/0
     4 | D        | Reached XP level 11. HP: 70/70 MP: 0/0
     4 | D        | Learned a level 5 spell: Lightning Bolt
     4 | D        | Reached XP level 12. HP: 76/76 MP: 0/0
     5 | D        | Became a worshipper of Makhleb the Destroyer
     7 | D        | Killed a bag of meat
     7 | D        | Noticed a meat berserker
     7 | D        | Noticed a bag of meat
     8 | D        | Reached skill level 5 in Axes
     8 | D        | Reached skill level 10 in Stealth
     8 | D        | Reached XP level 13. HP: 76/81 MP: 0/0
     8 | D        | Learned a level 5 spell: Lee's Rapid Deconstruction
     8 | D        | Noticed a bag of meat
     8 | D        | Noticed a meat berserker
     8 | D        | Killed a bag of meat
     8 | D        | Reached * piety under Makhleb
     8 | D        | Killed a bag of meat
     8 | D        | Killed a bag of meat
     9 | D        | Reached skill level 15 in Dodging
     9 | D        | Reached XP level 14. HP: 43/88 MP: 0/0
     9 | D        | Killed a meat berserker
     9 | D        | Reached ** piety under Makhleb
     9 | D        | Killed a bag of meat
     9 | D        | Noticed a bag of meat
     9 | D        | Noticed a meat berserker
     9 | D        | Noticed a meat berserker
    10 | D        | Reached skill level 10 in Axes
    10 | D        | Reached XP level 15. HP: 48/94 MP: 0/0
    10 | D        | Learned a level 6 spell: Summon Cactus Giant
    11 | D        | Killed a meat berserker
    11 | D        | Reached *** piety under Makhleb
    12 | D        | Reached skill level 27 in Spellcasting
    12 | D        | Reached XP level 16. HP: 108/108 MP: 0/0
    13 | D        | Killed a meat berserker
    13 | D        | Reached **** piety under Makhleb
    13 | D        | Killed a meat berserker
    14 | D        | Reached skill level 10 in Fighting
    14 | D        | Reached XP level 17. HP: 120/120 MP: 0/0
    14 | D        | Learned a level 7 spell: Orb of Destruction
    14 | D        | Noticed a large bag of meat
    14 | D        | Noticed a meat berserker
    17 | D        | Noticed a destroyer
    17 | D        | Noticed a meat berserker
    17 | D        | Noticed a meat berserker
    18 | D        | Noticed a meat berserker
    18 | D        | Noticed a meat berserker
    19 | D        | Noticed a large bag of meat
    19 | D        | Noticed a meat berserker
    19 | D        | Noticed a meat berserker
    20 | D        | Killed a meat berserker
    21 | D        | Noticed a large bag of meat
    21 | D        | Killed a meat berserker
    21 | D        | Reached ***** piety under Makhleb
    21 | D        | Noticed a meat berserker
    22 | D        | Reached XP level 18. HP: 134/134 MP: 0/0
    22 | D        | Killed a meat berserker
    22 | D        | Killed a meat berserker
    22 | D        | Noticed a meat berserker
    22 | D        | Noticed a meat berserker
    23 | D        | Reached skill level 27 in Axes
    23 | D        | Reached skill level 27 in Dodging
    23 | D        | Reached XP level 19. HP: 150/150 MP: 0/0
    23 | D        | Learned a level 7 spell: Malign Gateway
    24 | D        | Killed a meat berserker
    24 | D        | Killed a meat berserker
    24 | D        | Reached ****** piety under Makhleb
    24 | D        | Noticed a meat berserker
    25 | D        | Killed a meat berserker
    25 | D        | Killed a large bag of meat
    25 | D        | Noticed a large bag of meat
    26 | D        | Reached skill level 27 in Fighting
    26 | D        | Reached skill level 27 in Stealth
    26 | D        | Reached XP level 20. HP: 163/181 MP: 0/0
    26 | D        | Annihilated by a large bag of meat

Illustrated notes

Levels and vault maps discovered:
D:        meatsprint

Skill      XL: |  1  2  3  4  5  6  7  8  9 10 11 12 13 14 15 16 17 18 19 |
---------------+----------------------------------------------------------+-----
Fighting       | 2 3 4 7 10 13 18 27 | 27.0
Axes           | 4 5 8 10 16 20 25 27 | 27.0
Dodging        | 12 13 15 16 20 22 25 27 | 27.0
Stealth        | 9 10 11 12 14 16 18 21 27 | 27.0
Spellcasting   | 19 21 24 26 27 | 27.0

Action                   |  1- 3 |  4- 6 |  7- 9 | 10-12 | 13-15 | 16-18 | 19-21 || total
-------------------------+-------+-------+-------+-------+-------+-------+-------++-------
Melee: Executioner's axe |     1 |       |       |     1 |     4 |     4 |     2 ||    12
 Cast: Lightning Bolt    |       |       |       |     1 |       |       |       ||     1
       Malign Gateway    |       |       |       |       |       |       |     1 ||     1

Table legend: (Time is in decaauts)
 A = Elapsed time spent in this place.
 B = Non-inter-level travel time spent in this place.
 C = Inter-level travel time spent in this place.
 D = Time resting spent in this place.
 E = Time spent auto-exploring this place.
 F = Levels seen in this place.
 G = Mean time per level.
                   A        B        C        D        E       F      G
               +--------+--------+--------+--------+--------+-----+--------+
         Total |     27 |     27 |      0 |      0 |      0 |   1 |   27.0 |
       Dungeon |     27 |     27 |      0 |      0 |      0 |   1 |   27.0 |
               +--------+--------+--------+--------+--------+-----+--------+

Top non-repeatable levels by time:
       D: 27 daAuts
